 Dungeon Crawl Stone Soup version 0.16-a0-4020-g6ff35b5 (webtiles) character file.

3378 Ih8V5 the Martial Artist (level 10, 0/71 HPs)
             Began as an Octopode Monk on Feb 17, 2015.
             Was an Elder of Cheibriados.
             Slain by a slime creature (11 damage)
             ... on level 9 of the Dungeon.
             The game lasted 00:22:48 (7124 turns).

Ih8V5 the Martial Artist (Octopode Monk)            Turns: 7124, Time: 00:22:49

Health: 0/71       AC:  3    Str: 22    XL:     10   Next: 3%
Magic:  13/18      EV: 20    Int: 23    God:    Cheibriados [****..]
Gold:   571        SH:  0    Dex: 23    Spells: 0 memorised, 9 levels left

rFire  . . .     SeeInvis .       - Unarmed
rCold  + . .     Clarity  .     (no shield)
rNeg   . . .     SustAb   .     H - +2 hat
rPois  .         Gourm    .     g - amulet of faith (curse)
rElec  .         Spirit   .     y - ring of flight
rCorr  .         Warding  .     M - ring of wizardry
rMut   .         Stasis   .     N - ring of protection from cold
MR     .....                    (no ring)
Stlth  ++++......               (no ring)
                                (no ring)
                                (no ring)
                                (no ring)

@: very slow, not resistant to hostile enchantments, stealthy
A: almost no armour, amphibious, 8 rings, constrict 8, camouflage 1, gelatinous
body 1
a: Bend Time, Temporal Distortion, Slouch, Renounce Religion, Evoke Flight


You were on level 9 of the Dungeon.
You worshipped Cheibriados.
Cheibriados was greatly pleased with you.
You were hungry.

You visited 2 branches of the dungeon, and saw 10 of its levels.
You also visited: Ossuary.

You collected 571 gold pieces.

Inventory:

Missiles
 d - 13 tomahawks
 e - 5 silver bolts
 h - 38 arrows of frost
 j - 98 sling bullets
 l - 32 poisoned needles
 n - 45 bolts
 q - 108 arrows
 u - 12 sling bullets of frost
 w - 2 tomahawks of returning (quivered)
 O - 3 javelins
 Q - 11 bolts of frost
Armour
 H - a +2 hat (worn)
Jewellery
 g - a cursed amulet of faith (around mantle)
 y - a ring of flight (left tentacle)
 M - a ring of wizardry (right tentacle)
 N - a ring of protection from cold (on tentacle)
Magical devices
 k - a wand of digging (10)
Scrolls
 i - 3 scrolls of remove curse
 p - 2 scrolls of teleportation {unknown}
 s - a scroll of enchant armour
 t - 3 scrolls of magic mapping
 v - a scroll of immolation {unknown}
 B - 2 scrolls of random uselessness {unknown}
 C - a scroll of brand weapon {unknown}
 E - 2 scrolls of amnesia {unknown}
 F - a scroll of fear {unknown}
 I - 2 scrolls of recharging {unknown}
 J - 3 scrolls of noise {unknown}
 L - a scroll of torment
Potions
 c - 2 potions of agility
 m - 2 potions of cure mutation
 o - 2 potions of restore abilities
 r - 5 potions of curing
 x - a potion of mutation
 z - a potion of magic
 D - a potion of poison
 G - a potion of brilliance
Books
 f - a book of Control

   Spells                             Type                      Level
   a - Control Teleport               Charms/Translocation         4
   b - Control Undead                 Necromancy                   4
   c - Enslavement                    Hexes                        4
   d - Metabolic Englaciation         Hexes/Ice                    5
   e - Mass Confusion                 Hexes                        6
Comestibles
 a - 8 meat rations
 b - 5 bread rations
 A - 7 fruits
 K - a slice of pizza
 P - a beef jerky


   Skills:
 - Level 7.0 Fighting
 + Level 8.1 Dodging
 - Level 2.6 Stealth
 + Level 9.7 Unarmed Combat
 * Level 4.8 Invocations


You had 9 spell levels left.
You didn't know any spells.

Dungeon Overview and Level Annotations

Branches:
Dungeon (9/15)             Temple (1/1) D:6
   Lair: D:8-11         Orc: D:9-12

Altars:
Ashenzari
Cheibriados
Elyvilon
Fedhas
Gozag
Kikubaaqudgha
Makhleb
Nemelex Xobeh
Okawaru
Qazlal
Sif Muna
Xom
Yredelemnul
Zin
The Shining One

Shops:
D:6 (


Innate Abilities, Weirdness & Mutations

You cannot wear most types of armour.
You are amphibious.
You can wear up to eight rings at the same time.
You can use your tentacles to constrict many enemies at once.
Your skin changes colour to match your surroundings (Stealth).
Your rubbery body absorbs attacks (AC +1).


Message History

The orc barely misses you. The slime creature hits you.
You barely miss the large slime creature.
You tentacle-slap the large slime creature.
The large slime creature is moderately wounded.
The slime creature barely misses you. The orc misses you.
You tentacle-slap the large slime creature.
The large slime creature is moderately wounded.
The large slime creature hits you!!!
Ouch! That really hurt!
* * * LOW HITPOINT WARNING * * *
The slime creature barely misses you.
You are too injured to fight recklessly!
Use which ability? (? or * to list)
You can feel time thicken for a moment.
You kill the orc!
Cheibriados appreciates the change of pace.
You are feeling hungry.
The large slime creature closely misses you.
The slime creature hits you!
You die...

#........... #.######...
.......... ......... .
#.####### ######... ..#
#........
..##############........
..'............#.J.......
..############.#@).......
..# #)()J....... ###
##.#####..# #.# # #..
##.# .. #.# .#


You could see a large slime creature and a slime creature.

Vanquished Creatures
  Pikel (D:5)
  Grinder (D:3)
  Eustachio (D:4)
  A sky beast (D:7)
  A phantom (D:4)
  An orc warrior (D:6)
  A centaur (D:7)
  A giant frog (D:8)
  A wyvern zombie (D:8)
  9 wights (D:7)
  6 killer bees (D:8)
  5 bog bodies (Ossuary)
  3 centaur zombies (Ossuary)
  3 orc priests
  3 hounds
  A jelly (D:5)
  5 orc wizards
  4 crimson imps
  A centaur skeleton (D:6)
  Natasha (twice) (D:3)
  6 worker ants
  An iguana (D:7)
  Ijyb (D:2)
  A hound zombie (Ossuary)
  11 mummies (Ossuary)
  5 worker ant zombies
  Robin (D:2)
  4 adders
  4 giant mites
  4 worms
  An adder zombie (D:5)
  3 adder skeletons
  4 giant geckos
  34 orcs
  11 bats
  6 bat zombies (Ossuary)
  4 giant cockroaches
  17 goblins
  15 hobgoblins
  7 jackals
  3 quokkas
  3 giant newts
  A jackal skeleton (D:4)
  14 kobolds
  A quokka zombie (Ossuary)
  12 rats
225 creatures vanquished.

Notes
Turn   | Place    | Note
--------------------------------------------------------------
     0 | D:1      | Ih8V5, the Octopode Monk, began the quest for the Orb.
     0 | D:1      | Reached XP level 1. HP: 16/16 MP: 1/1
   141 | D:1      | Reached XP level 2. HP: 13/21 MP: 2/2
   748 | D:1      | Reached XP level 3. HP: 26/26 MP: 3/3
   961 | D:2      | Noticed Ijyb
   982 | D:2      | Killed Ijyb
  1100 | D:2      | Noticed Robin
  1121 | D:2      | Reached XP level 4. HP: 25/31 MP: 4/4
  1135 | D:2      | Killed Robin
  1459 | D:2      | Reached skill level 5 in Unarmed Combat
  2105 | D:3      | Reached XP level 5. HP: 25/36 MP: 5/5
  2334 | D:3      | Noticed Grinder
  2335 | D:3      | Paralysed by Grinder for 5 turns
  2348 | D:3      | Killed Grinder
  2348 | D:3      | Reached skill level 6 in Unarmed Combat
  2348 | D:3      | Reached XP level 6. HP: 12/43 MP: 6/6
  2612 | D:3      | Noticed Natasha
  2621 | D:3      | Killed Natasha
  2850 | D:3      | Noticed Natasha
  2856 | D:3      | Killed Natasha
  2856 | D:3      | Reached XP level 7. HP: 46/49 MP: 7/7
  3096 | D:4      | Found a shimmering altar of Xom.
  3383 | D:4      | Noticed Eustachio
  3391 | D:4      | Killed Eustachio
  3391 | D:4      | Reached skill level 5 in Dodging
  3545 | D:4      | Reached skill level 5 in Fighting
  3545 | D:4      | Reached skill level 7 in Unarmed Combat
  3587 | D:4      | Found a shimmering altar of Xom.
  3589 | D:4      | Found a shimmering altar of Xom.
  3665 | D:5      | Entered Level 5 of the Dungeon
  3705 | D:5      | Reached XP level 8. HP: 31/55 MP: 8/8
  3969 | D:5      | Found a blossoming altar of Fedhas.
  4020 | D:5      | Noticed Pikel
  4035 | D:5      | Killed Pikel
  4035 | D:5      | Reached skill level 8 in Unarmed Combat
  4455 | D:6      | Found a sand-covered staircase.
  4459 | Ossuary  | Entered an ossuary
  4517 | Ossuary  | Reached XP level 9. HP: 27/62 MP: 9/9
  5200 | D:6      | Reached skill level 9 in Unarmed Combat
  5250 | D:6      | Found Xirookla's Weapon Shop.
  5360 | D:6      | Found a staircase to the Ecumenical Temple.
  5429 | Temple   | Entered the Ecumenical Temple
  5450 | Temple   | Became a worshipper of Cheibriados the Contemplative
  5766 | D:7      | Reached skill level 1 in Invocations
  6231 | D:7      | Acquired Cheibriados' first power
  6709 | D:8      | Acquired Cheibriados' second power
  6879 | D:8      | Found a shimmering altar of Xom.
  6918 | D:8      | Reached XP level 10. HP: 71/71 MP: 18/18
  6933 | D:8      | Found an iron altar of Okawaru.
  7124 | D:9      | Slain by a slime creature

Action                   |  1- 3 |  4- 6 |  7- 9 | 10-12 || total
-------------------------+-------+-------+-------+-------++-------
Melee: Unarmed           |    65 |    78 |   346 |    24 ||   513
Throw: Tomahawk          |       |       |    16 |       ||    16
       Javelin           |       |       |    11 |       ||    11
Invok: Slouch            |       |       |       |     1 ||     1
Evoke: Wand              |       |       |     1 |       ||     1
  Use: Potion            |     2 |     1 |     6 |       ||     9
       Scroll            |     1 |     3 |    11 |       ||    15
 Stab: Sleeping          |     8 |     6 |    17 |     3 ||    34
       Invisible         |       |       |     8 |       ||     8
       Distracted        |       |       |     3 |       ||     3
  Eat: Chunk             |     1 |     5 |     7 |       ||    13
       Meat ration       |       |       |     1 |       ||     1
